 Dungeon Crawl Stone Soup version 0.21.1 (webtiles) character file.

25 letownia2 the Magician (level 2, -1/19 HPs)
             Began as a Demonspawn Wizard on Feb 3, 2018.
             Slain by a worker ant (5 damage)
             ... on level 4 of the Dungeon.
             The game lasted 00:04:22 (2058 turns).

letownia2 the Magician (Demonspawn Wizard)          Turns: 2058, Time: 00:04:23

Health: -1/19      AC:  5    Str: 12    XL:     2   Next: 86%
Magic:  3/6        EV: 10    Int: 19    God:
Gold:   105        SH:  4    Dex: 11    Spells: 6/7 levels left

rFire    . . .     SeeInvis .   m - +0 dagger
rCold    . . .     Gourm    .   (no shield)
rNeg     . . .     Faith    .   n - +0 ring mail
rPois    .         Spirit   .   b - +0 hat
rElec    .         Reflect  .   (no cloak)
rCorr    .         Harm     .   (no gloves)
MR       .....                  (no boots)
Stlth    +.........             (no amulet)
HPRegen  0.06/turn              i - +5 ring of strength
MPRegen  0.10/turn              (no ring)

@: lethally poisoned (-1 -> -17)
A: large bone plates 1, mutation resistance 1, powered by death 1
a: no special abilities


You were on level 4 of the Dungeon.
You were very hungry.

You visited 2 branches of the dungeon, and saw 5 of its levels.

You collected 105 gold pieces.

Inventory:

Hand Weapons
 m - a +0 dagger (weapon)
Armour
 a - a +0 robe
 b - a +0 hat (worn)
 n - a +0 ring mail (worn)
Jewellery
 i - a +5 ring of strength (left hand)
Scrolls
 f - 2 scrolls of identify {unknown}
 g - a scroll of blinking {unknown}
 j - a scroll of fog {unknown}
 p - a scroll of amnesia {unknown}
Potions
 k - a potion of curing {unknown}
 l - a potion of haste {unknown}
 o - a potion of flight {unknown}
Books
 c - a book of Minor Magic

   Spells                             Type                      Level
   a - Magic Dart                     Conjuration                  1
   b - Blink                          Translocation                2
   c - Call Imp                       Summoning                    2
   d - Slow                           Hexes                        2
   e - Conjure Flame                  Conjuration/Fire             3
   f - Mephitic Cloud                 Conjuration/Poison/Air       3
Comestibles
 d - 3 rations


   Skills:
 - Level 1.7 Dodging
 - Level 1.7 Stealth
 - Level 3.0 Spellcasting
 + Level 2.9 Conjurations
   Level 1.0 Summonings
   Level 0.8 Translocations


You had 6 spell levels left.
You knew the following spells:

 Your Spells              Type           Power        Failure   Level  Hunger
a - Magic Dart            Conj           ##..         11%         1    None


Dungeon Overview and Level Annotations

Branches:
Dungeon (4/15)             Temple (1/1) D:4

Altars:
Ashenzari
Cheibriados
Fedhas
Gozag
Hepliaklqana
Makhleb
Okawaru
Ru
Sif Muna
Uskayaw
Wu Jian
The Shining One

Annotations:
D:3 Natasha


Innate Abilities, Weirdness & Mutations

You regenerate a little health from kills.
You are partially covered in large bone plates. (SH +4)
You are somewhat resistant to further mutation.


Message History

Casting: Magic Dart
Confirm with . or Enter, or press ? or * to list all spells.
Aiming: Magic Dart
Press: ? - help, Shift-Dir - straight line, f/p - worker ant
Aim: a worker ant (lightly wounded)
The magic dart hits the worker ant.
The worker ant is lightly wounded.
The worker ant bites you.
You are lethally poisoned!
The worker ant poisons you!
Unknown command.
Unknown command.
It was a potion of mutation.
You feel extremely strange.
Large bone plates grow over parts of your arms.
You feel genetically stable.
You feel sick. The worker ant bites you.
* * * LOW HITPOINT WARNING * * *
You are more poisoned.
The worker ant poisons you! The worker ant bites you.
You die...

##.# ## #..# #
###########.##
#...........#######
#.###.............###
# # #.#####.###......
...#.###.# #.#
#...... .....>a..#
#.###....≈≈ ..#...@.#
#.##..^≈≈≈≈ #.###.#
#.##..≈≈≈≈≈ # #.#
##.#.#.≈≈≈≈≈ ...
(...##.≈≈≈≈≈ #.##
#...#.≈≈≈≈≈ #.#
#......≈≈≈≈ ...
#.........≈≈ ..
.............
.#..##.......


You could see a worker ant.

Vanquished Creatures
  A dart slug (D:2)
  2 orcs
  A giant cockroach (D:2)
  3 goblins
  A hobgoblin (D:2)
  4 jackals
  2 kobolds (D:3)
  A quokka (D:2)
  A bat (D:2)
  A frilled lizard (D:2)
  2 rats
19 creatures vanquished.

Notes
Turn   | Place    | Note
-------+----------+-------------------------------------------
     0 | D:1      | letownia2 the Demonspawn Wizard began the quest for the Orb.
     0 | D:1      | Reached XP level 1. HP: 13/13 MP: 4/4
   241 | D:2      | Found a faded altar of an unknown god.
   427 | D:2      | Found a hide-covered altar of Uskayaw.
   632 | D:2      | Gained mutation: You regenerate a little health from kills. [demonic ancestry]
   632 | D:2      | Reached XP level 2. HP: 19/19 MP: 3/6
  1782 | D:3      | Noticed Natasha
  1899 | D:4      | Found a staircase to the Ecumenical Temple.
  1925 | D:4      | Noticed an ogre
  1975 | Temple   | Entered the Ecumenical Temple
  2058 | D:4      | Gained mutation: You are partially covered in large bone plates. (SH +4) [potion of mutation]
  2058 | D:4      | Gained mutation: You are somewhat resistant to further mutation. [potion of mutation]
  2058 | D:4      | Slain by a worker ant

Skill      XL: |  1 |
---------------+----+-----
Conjurations   | 2 |  2.9
Dodging        | |  1.7
Stealth        | |  1.7
Spellcasting   | |  3.0
Summonings     | |  1.0
Translocations | |  0.8

Action                   || total
-------------------------++-------
Melee: Unarmed           ||    18
       Dagger            ||    12
Throw: Javelin           ||     8
 Cast: Magic Dart        ||    67
  Use: Potion            ||     1
 Stab: Sleeping          ||     1
  Eat: Chunk             ||     2
Armor: Robe              ||    12
       Ring mail         ||     3
Dodge: Dodged            ||    55
